 Dungeon Crawl Stone Soup version 0.24.1-14-gf8d2b509d9 (webtiles) character file.

Game seed: 1614078550488067622, levelgen mode: deterministic

3062 nightchill the Slicer (level 10, -3/68 HPs)
             Began as a Halfling Warper on June 3, 2020.
             Was a Believer of Okawaru.
             Slain by a two-headed ogre
             ... wielding a +0 giant spiked club
              (21 damage)
             ... on level 8 of the Dungeon.
             The game lasted 00:45:37 (11096 turns).

nightchill the Slicer (Halfling Warper)            Turns: 11096, Time: 00:45:37

Health: -3/68      AC:  8    Str: 15    XL:     10   Next: 12%
Magic:  4/12       EV: 17    Int: 11    God:    Okawaru [**....]
Gold:   454        SH:  0    Dex: 15    Spells: 4/12 levels left

rFire    . . .     SeeInvis .   a - +2 dagger (elec)
rCold    . . .     Gourm    .   (shield restricted)
rNeg     . . .     Faith    .   k - +0 ring mail
rPois    +         Spirit   .   (no helmet)
rElec    .         Reflect  .   q - +0 cloak
rCorr    .         Harm     .   (no gloves)
MR       +....                  c - +0 pair of boots
Stlth    ++........             x - amulet of magic regeneration
HPRegen  0.21/turn              w - ring of poison resistance
MPRegen  0.38/turn              s - ring of protection from magic

@: heroism, shrouded, very slightly contaminated
A: small, mutation resistance 1
a: Heroism, Renounce Religion


You were on level 8 of the Dungeon.
You worshipped Okawaru.
Okawaru was pleased with you.
You were not hungry.

You visited 2 branches of the dungeon, and saw 9 of its levels.
You also visited: Sewer.

You collected 454 gold pieces.

Inventory:

Hand Weapons
 a - a +2 dagger of electrocution (weapon)
 b - a +0 hunting sling
 m - a +0 short sword
Missiles
 e - 9 boomerangs of dispersal
 i - 190 stones
 v - 2 silver boomerangs
 C - 3 curare-tipped darts (quivered)
 H - 47 sling bullets
Armour
 c - a +0 pair of boots (worn)
 k - a +0 ring mail (worn)
 q - a +0 cloak (worn)
 D - a +0 buckler
Jewellery
 s - a ring of protection from magic (right hand)
 w - a ring of poison resistance (left hand)
 x - an amulet of magic regeneration (around neck)
 K - an uncursed ring of protection from fire
Scrolls
 d - 3 scrolls of blinking
 g - 2 scrolls of fog {unknown}
 h - a scroll of teleportation {unknown}
 j - 3 scrolls of magic mapping
 l - 4 scrolls of remove curse
 u - 2 scrolls of fear {unknown}
 y - a scroll of enchant weapon {unknown}
 A - a scroll of noise {unknown}
 F - a scroll of holy word {unknown}
Potions
 n - 2 potions of heal wounds
 o - a potion of agility
 r - 4 potions of curing
 t - 2 potions of mutation
 z - a potion of invisibility
 E - a potion of lignification
 G - a potion of brilliance
 J - a potion of resistance {unknown}
Comestibles
 f - 11 rations


   Skills:
 + Level 5.7(10.7) Fighting
 - Level 10.0(15.0) Short Blades
 * Level 8.7(13.8) Slings
 - Level 1.0(8.8) Throwing
 - Level 1.1(6.1) Armour
 - Level 2.1(7.1) Dodging
 - Level 1.5 Spellcasting
 + Level 7.4 Translocations
 + Level 1.7 Invocations


You had 4 spell levels left.
You knew the following spells:

 Your Spells              Type           Power        Failure   Level  Hunger
a - Blink                 Tloc           N/A          4%          2    ###....
b - Shroud of Golubria    Chrm/Tloc      #.....       19%         2    ###....
c - Passage of Golubria   Tloc           N/A          26%         4    #####..

Your spell library contained the following spells:

 Spells                   Type           Power        Failure   Level  Hunger
 Gell's Gravitas          Tloc           ###.......   8%          3    ####...
 Lesser Beckoning         Tloc           ###.......   8%          3    ####...
 Teleport Other           Tloc           ###.....     8%          3    ####...


Dungeon Overview and Level Annotations

Branches:
Dungeon (8/15)             Temple (1/1) D:6           Sewer (visited)
   Lair: D:8-11

Altars:
Ashenzari
Cheibriados
Dithmenos
Elyvilon
Fedhas
Hepliaklqana
Kikubaaqudgha
Makhleb
Nemelex Xobeh
Okawaru
Qazlal
Ru
Sif Muna
Trog
Uskayaw
Vehumet
Wu Jian
Yredelemnul
Zin

Annotations:
D:1 exclusion: downstairs
D:7 exclusion: 2 downstairs


Innate Abilities, Weirdness & Mutations

You are small and have problems with some larger weapons.
You are somewhat resistant to further mutation.


Message History

The two-headed ogre is moderately wounded.
You hear the crackle of electricity.
a - a +2 dagger of electrocution (weapon)
Casting: Blink (safe; 4% risk of failure)
Confirm with . or Enter, or press ? or * to list all spells.
You miscast Shroud of Golubria.
You are very lightly contaminated with residual magic.
The world appears momentarily distorted!
Casting: Shroud of Golubria (safe; 19% risk of failure)
Confirm with . or Enter, or press ? or * to list all spells.
You miscast Shroud of Golubria.
Nothing appears to happen.
Casting: Shroud of Golubria (safe; 19% risk of failure)
Confirm with . or Enter, or press ? or * to list all spells.
Space distorts slightly along a thin shroud covering your body.
You hit the two-headed ogre but do no damage.
The two-headed ogre is moderately wounded.
You hit the two-headed ogre.
The two-headed ogre is moderately wounded.
The two-headed ogre hits you with a +0 giant spiked club!!
You die...

#####..##....#..........
##.....###(.<[##.....##$.
#.........<........####..
##.......(.......### #..
###.............# ...
##............# ...
##.............#
#....O...........
#....@.......###..
##...##.....## .. #...
##..... #.... ...# ##...
.## #### #


You could see a two-headed ogre.

Vanquished Creatures
  A hungry ghost (D:7)
  Menkaure (D:4)
  2 black bears
  An ice beast (D:6)
  A hornet zombie (D:6)
  An ogre (D:4)
  A sky beast (D:6)
  A centaur (D:7)
  2 big kobolds
  3 bullfrogs
  6 killer bees
  4 howler monkeys
  2 bullfrog zombies
  A crimson imp (D:5)
  A centaur zombie (D:6)
  A quasit (D:5)
  3 hounds
  2 orc priests
  A bullfrog skeleton (D:4)
  A centaur skeleton (D:6)
  11 orc wizards
  2 iguanas
  6 worker ants
  A killer bee zombie (D:6)
  A hound skeleton (D:7)
  A worker ant zombie (D:7)
  18 adders
  10 gnolls
  20 oozes
  An adder zombie (D:7)
  An adder skeleton (D:4)
  3 dart slugs
  11 leopard geckos
  25 orcs
  9 ball pythons
  7 bats
  18 giant cockroaches
  5 hobgoblins
  15 jackals
  2 quokkas (D:2)
  15 frilled lizards
  9 goblins
  14 kobolds
  A leopard gecko zombie (D:5)
  A quokka skeleton (D:5)
  6 rats
249 creatures vanquished.

Notes
Turn   | Place    | Note
-------+----------+-------------------------------------------
     0 | D:1      | nightchill the Halfling Warper began the quest for the Orb.
     0 | D:1      | Reached XP level 1. HP: 14/14 MP: 3/3
    93 | D:1      | Reached skill level 3 in Short Blades
    93 | D:1      | Reached XP level 2. HP: 6/19 MP: 4/4
   341 | D:1      | Learned a level 2 spell: Blink
   344 | D:1      | Learned a level 2 spell: Shroud of Golubria
   840 | D:1      | Reached XP level 3. HP: 22/24 MP: 5/5
  1490 | D:2      | Reached skill level 4 in Short Blades
  1490 | D:2      | Reached XP level 4. HP: 9/30 MP: 6/6
  1730 | D:2      | Reached skill level 1 in Slings
  2236 | D:2      | Reached XP level 5. HP: 28/35 MP: 2/7
  2347 | D:2      | Found a shimmering blue altar of Sif Muna.
  3167 | D:4      | Reached skill level 5 in Short Blades
  3167 | D:4      | Reached XP level 6. HP: 41/41 MP: 8/8
  3663 | D:5      | Entered Level 5 of the Dungeon
  4113 | D:5      | Reached XP level 7. HP: 45/46 MP: 9/9
  4169 | D:5      | Found a burning altar of Makhleb.
  4239 | D:5      | Got a fine chain mail
  4539 | D:4      | Noticed Menkaure
  4562 | D:4      | Reached skill level 6 in Short Blades
  4567 | D:4      | Killed Menkaure
  5008 | D:4      | Reached skill level 5 in Translocations
  5155 | D:4      | Identified the cursed +1 chain mail of Submission {rN+
                  | Dex+4} (You found it on level 5 of the Dungeon)
  5827 | D:5      | Reached XP level 8. HP: 54/54 MP: 10/10
  5833 | D:5      | Learned a level 4 spell: Passage of Golubria
  5935 | D:5      | Reached skill level 7 in Short Blades
  5976 | D:5      | Found a glowing silver altar of Zin.
  5976 | D:5      | Noticed an angel
  6422 | D:4      | Reached skill level 5 in Slings
  6568 | D:6      | Found a staircase to the Ecumenical Temple.
  6592 | Temple   | Entered the Ecumenical Temple
  6655 | Temple   | Became a worshipper of Warmaster Okawaru
  6836 | D:6      | Found a glowing drain.
  6871 | Sewer    | Entered a sewer
  7137 | Sewer    | Reached skill level 8 in Short Blades
  7635 | Sewer    | Reached XP level 9. HP: 42/59 MP: 9/11
  8311 | D:6      | Found a hazy altar of Hepliaklqana.
  8690 | D:6      | Found an ornate altar of the Wu Jian Council.
  8752 | D:6      | Found a sacrificial altar of Ru.
  8776 | D:6      | Reached * piety under Okawaru
  8816 | D:6      | Reached skill level 9 in Short Blades
  8937 | D:6      | Reached skill level 5 in Fighting
  9092 | D:6      | Found a stormy altar of Qazlal.
 10116 | D:6      | Reached ** piety under Okawaru
 10161 | D:7      | Reached skill level 10 in Short Blades
 10481 | D:7      | Found a sparkling altar of Nemelex Xobeh.
 10481 | D:7      | Found a shadowy altar of Dithmenos.
 10482 | D:7      | Found a white marble altar of Elyvilon.
 10530 | D:7      | Reached XP level 10. HP: 62/66 MP: 12/12
 10533 | D:7      | Reached skill level 1 in Invocations
 10713 | D:8      | Noticed a two-headed ogre
 11096 | D:8      | Slain by a two-headed ogre

Levels and vault maps discovered:
D:1:      lemuel_arrival_lava_pool, layout_loops_ring,
          chequers_serial_rivers_micro_d
D:2:      minmay_wonky_spiral, layout_rooms, lemuel_round_altar
D:3:      layout_rooms, first_ration, mrwooster_statue_mirror
D:4:      layout_basic, roderic_serpentine_path, uniq_menkaure
D:5:      layout_basic, zin_angel, basic_altar
D:6:      layout_loops_ring, kennysheep_mini, kennysheep_little_box,
          nicolae_ru_sacrificial_ziggurat, marbit_many_paths,
          minmay_temple_entry_ruins, portal_sewer_entry_f
D:7:      layout_gridville, gammafunk_temple_overflow_claw
D:8:      layout_cave_pools, uniq_joseph
Temple:   zaba_magenta_temple

Skill      XL: |  1  2  3  4  5  6  7  8  9 10 |
---------------+-------------------------------+-----
Fighting       | 2 3 4 5 |  5.7
Short Blades   | 3 4 5 6 8 10 | 10.0
Slings         | 1 2 3 4 6 8 |  8.7
Translocations | 4 5 6 7 |  7.4
Invocations    | 1 |  1.7
Throwing       | |  1.0
Armour         | |  1.1
Dodging        | |  2.1
Spellcasting   | |  1.5

Action                   |  1- 3 |  4- 6 |  7- 9 | 10-12 || total
-------------------------+-------+-------+-------+-------++-------
Melee: Short sword       |   110 |       |       |       ||   110
       Dagger            |    25 |   170 |   574 |    54 ||   823
 Fire: Hunting sling     |       |    25 |    94 |    18 ||   137
Throw: Stone             |       |     1 |       |       ||     1
       Dart              |       |       |       |     2 ||     2
 Cast: Shroud of Golubri |     1 |     5 |    51 |     8 ||    65
       Blink             |       |       |     2 |     4 ||     6
       Passage of Golubr |       |       |       |     2 ||     2
Invok: Heroism           |       |       |       |     1 ||     1
  Use: Scroll            |       |     2 |     7 |     5 ||    14
       Potion            |       |       |     2 |       ||     2
 Stab: Sleeping          |       |       |     1 |       ||     1
  Eat: Chunk             |     2 |     9 |    20 |     5 ||    36
       Ration            |       |       |     2 |       ||     2
Armor: Leather armour    |    37 |       |       |       ||    37
       Ring mail         |     1 |    32 |    61 |     9 ||   103
       Chain mail        |       |       |     2 |       ||     2
       Skin              |       |       |     6 |       ||     6
Dodge: Dodged            |   129 |    78 |   304 |    21 ||   532
